 Dungeon Crawl Stone Soup version 0.17-a0-1719-g1afd5a1 (webtiles) character file.

72 kosy22 the Shield-Bearer (level 4, 0/42 HPs)
             Began as a Deep Dwarf Fighter on Aug 28, 2015.
             Slain by a worm (3 damage)
             ... on level 3 of the Dungeon.
             The game lasted 00:09:35 (4593 turns).

kosy22 the Shield-Bearer (Deep Dwarf Fighter)       Turns: 4593, Time: 00:09:35

Health: 0/42       AC:  7    Str: 20    XL:     4   Next: 7%
Magic:  4/4        EV:  8    Int:  9    God:
Gold:   170        SH:  9    Dex: 12    Spells: 0 memorised, 3 levels left

rFire  . . .     SeeInvis .     a - +0 rapier
rCold  . . .     Clarity  .     b - +0 scale mail
rNeg   . . .     SustAt   +     c - +0 shield
rPois  .         Gourm    .     (no helmet)
rElec  .         Spirit   .     (no cloak)
rCorr  .         Warding  .     (no gloves)
rMut   .         Stasis   .     (no boots)
MR     .....                    (no amulet)
Stlth  ..........               l - ring of sustain attributes
                                (no ring)

@: non-regenerating, not resistant to hostile enchantments, extremely unstealthy
A: damage resistance, recharge devices, sense surroundings 1, slow healing 3
a: Device Recharging


You were on level 3 of the Dungeon.
You were not hungry.

You visited 1 branch of the dungeon, and saw 3 of its levels.

You collected 170 gold pieces.

Inventory:

Hand weapons
 a - a +0 rapier (weapon)
Armour
 b - a +0 scale mail (worn)
 c - a +0 shield (worn)
Jewellery
 h - a -2 ring of intelligence
 l - a ring of sustain attributes (right hand)
Magical devices
 e - a wand of heal wounds (5)
 m - a wand of polymorph (10)
Scrolls
 f - 2 scrolls of identify
 g - a scroll of teleportation
 j - a scroll of immolation
Potions
 d - a potion of might
 i - 3 potions of heal wounds
Comestibles
 k - 2 bread rations


   Skills:
 + Level 3.2 Fighting
 + Level 1.9 Short Blades
 + Level 3.7 Armour
 + Level 1.6 Dodging
 + Level 4.1 Shields


You had 3 spell levels left.
You didn't know any spells.

Dungeon Overview and Level Annotations

Branches:
Dungeon (3/15)

Altars:

Annotations:
D:3 Ijyb; kae's ghost, average MiFi


Innate Abilities, Weirdness & Mutations

You are resistant to damage.
You can recharge devices by infusing magical energy.
You passively map a small area around you.
You do not heal naturally.


Message History

Kae's ghost barely misses you.
You closely miss Ijyb.
Ijyb is moderately wounded.
Ijyb barely misses you. Kae's ghost barely misses you. You block Ijyb's attack.
The worm bites you.
You hit Ijyb but do no damage.
Ijyb is moderately wounded.
You block Ijyb's attack. Kae's ghost hits you!
* * * LOW HITPOINT WARNING * * *
The worm barely misses you.
You hit Ijyb but do no damage.
Ijyb is moderately wounded.
Ijyb screams, "I no like you!" Ijyb hits you with a club. Kae's ghost hits you!
* * * LOW HITPOINT WARNING * * *
Ijyb barely misses you.
You hit Ijyb but do no damage.
Ijyb is moderately wounded.
You block kae's ghost's attack. Ijyb barely misses you. The worm bites you.
You die...

#[.....# ###......#
######## .........#
##......#####
##......[###........#...
, ,
##......##...........# *
#......##..........#
###......##..........#
.........##..........#*
, ...............>@...#
*
....8...####...Wgw....#
* ...8.8..#
*#..........+ ,+
..8._.8.# #.............
#..8.8..# #........>###.
* #...8.$.# #..........#
#.......# #..........#
######### #..........# *


You could see Ijyb, a worm and kae's ghost.

Vanquished Creatures
  An adder (D:2)
  2 oozes (D:1)
  A giant gecko (D:3)
  2 ball pythons (D:1)
  A giant cockroach (D:1)
  8 goblins
  6 hobgoblins (D:1)
  4 jackals (D:1)
  10 kobolds
  A quokka (D:2)
  10 bats
  3 giant newts
  3 rats
  A bush (D:1)
  A plant (D:1)
54 creatures vanquished.

Notes
Turn   | Place    | Note
--------------------------------------------------------------
     0 | D:1      | kosy22 the Deep Dwarf Fighter began the quest for the Orb.
     0 | D:1      | Reached XP level 1. HP: 20/20 MP: 1/1
   216 | D:1      | Reached XP level 2. HP: 22/27 MP: 2/2
  2007 | D:1      | Reached XP level 3. HP: 14/34 MP: 3/3
  2423 | D:1      | Reached skill level 1 in Dodging
  3934 | D:2      | Reached skill level 4 in Shields
  4199 | D:2      | Reached XP level 4. HP: 34/42 MP: 4/4
  4560 | D:3      | Found a faded altar to an unknown god.
  4581 | D:3      | Noticed kae's ghost (average MiFi)
  4582 | D:3      | Noticed Ijyb
  4593 | D:3      | Slain by a worm

Vault maps used:
D:1:      minmay_arrival_four_houses, serial_forest,
          infiniplex_forest_clump_long, infiniplex_forest_clump_small,
          infiniplex_forest_straight_1, infiniplex_forest_zigzag_1,
          infiniplex_forest_clump_small
D:2:      first_bread
D:3:      grunt_temple_overflow_order_and_chaos_2, fedhas_altar_3,
          nicolae_overflow_crystal_walls, lemuel_doored_altar,
          ecumenical_altar_2, tgw_trog, uniq_iyjb, uniq_jessica

Action                   |  1- 3 |  4- 6 || total
-------------------------+-------+-------++-------
Melee: Rapier            |   518 |    14 ||   532
  Use: Scroll            |     6 |       ||     6
       Potion            |     1 |       ||     1
  Eat: Fruit             |     5 |       ||     5
       Bread ration      |     2 |       ||     2
